 Dungeon Crawl Stone Soup version 0.15.0-18-g9076a4f (console) character file.

38 jw the Skirmisher (level 3, 0/33 HPs)
             Began as a Minotaur Berserker on Sept 6, 2014.
             Was a Follower of Trog.
             Succumbed to an adder's poison
             ... on Level 2 of the Dungeon.
             The game lasted 00:00:27 (1041 turns).

jw the Skirmisher (Minotaur Berserker)              Turns: 1041, Time: 00:00:27

HP   0/33        AC  3     Str 21      XL: 3   Next: 25%
MP   2/2         EV 11     Int  4      God: Trog [*.....]
Gold 0           SH  0     Dex 10      Spells:  0 memorised,  2 levels left

rFire  . . .     SeeInvis .     f - +0 flail
rCold  . . .     Clarity  .     d - +0 leather armour
rNeg   . . .     rCorr    .     (no shield)
rPois  .         rRot     .     (helmet restricted)
rElec  .         Spirit   .     (no cloak)
SustAb .         Warding  .     (no gloves)
rMut   .         Stasis   .     (no boots)
Gourm  .                        (no amulet)
MR     .....                    (no ring)
                                (no ring)

@: lethally poisoned, not resistant to hostile enchantments, very unstealthy
A: retaliatory headbutt, horns 2
a: Burn Spellbooks, Berserk, Renounce Religion


You were on level 2 of the Dungeon.
You worshipped Trog.
Trog was aware of your devotion.
You were not hungry.

You visited 1 branch of the dungeon, and saw 2 of its levels.

Inventory:

Hand weapons
 f - a +0 flail (weapon)
Missiles
 e - 10 stones (quivered)
Armour
 d - a +0 leather armour (worn)
Comestibles
 c - a bread ration
Scrolls
 b - a scroll of remove curse {unknown}
 h - 2 scrolls of fog


   Skills:
 + Level 4.2 Fighting
   Level 3.9(4.0) Axes
 * Level 1.3(2.8) Maces & Flails
 + Level 1.2 Throwing
 + Level 2.8 Armour
 - Level 2.1 Dodging


You had 2 spell levels left.
You didn't know any spells.

Dungeon Overview and Level Annotations

Branches:
Dungeon (2/15)

Altars:


Innate Abilities, Weirdness & Mutations

You reflexively headbutt those who attack you in melee.
You have a pair of horns on your head.


Message History

You feel sick.
You feel the effects of Trog's Hand fading.
You feel sick. x3
You finish butchering the adder corpse.
a - a chunk of adder flesh You feel sick.
Eat a chunk of adder flesh? (ye/n/q/i?) This raw flesh tastes terrible.
You feel sick.
You feel sick.
Your skin stops crawling.
You feel less resistant to hostile enchantments.
You feel sick.
MOVING TO (-2,-1)
You feel sick.
MOVING TO (-1,0) ATTACKING (1,0)
You swing at nothing.
You feel sick.
ATTACKING (1,0)
You swing at nothing.
You die...

#.. #.. #.. ..# #.#
# ##.### .# .... ..
....######.##.#.##.
........H.?.$......
......[###.########
...## #.# . #)# #.#
#.# #.# #.# #.#


There were no monsters in sight!

Table legend:
 A = Turns spent in this place as a percentage of turns spent in the entire game.
 B = Non-inter-level travel turns spent in this place as a percentage of non-inter-level travel turns spent in the entire game.
 C = Inter-level travel turns spent in this place as a percentage of turns spent in this place.
 D = Turns resting spent in this place as a percentage of non-inter-level travel turns spent in this place.
 E = Turns spent auto-exploring this place as a percentage of non-inter-level travel turns spent in this place.
 F = Non-inter-level travel turns spent in this place divided by the number of levels of this place that you've seen.
                   A       B       C       D       E      F
               +-------+-------+-------+-------+-------+----------------------
         Total | 100.0 | 100.0 |   0.9 |   6.3 |  21.1 | 111.5
       Dungeon | 100.0 | 100.0 |   0.9 |   6.3 |  21.1 | 111.5
               +-------+-------+-------+-------+-------+----------------------

Table legend:
 A = Kills in this place as a percentage of kills in entire the game.
 B = Kills by you in this place as a percentage of kills by you in the entire game.
 C = Kills by friends in this place as a percentage of kills by friends in the entire game.
 D = Other kills in this place as a percentage of other kills in the entire game.
 E = Experience gained in this place as a percentage of experience gained in the entire game.
 F = Experience gained in this place divided by the number of levels of this place that you have seen.
                   A       B       C       D       E      F
               +-------+-------+-------+-------+-------+----------------------
         Total | 100.0 | 100.0 |  -nan |  -nan | 100.0 |  27.5
       Dungeon | 100.0 | 100.0 |  -nan |  -nan | 100.0 |  27.5
               +-------+-------+-------+-------+-------+----------------------

Vanquished Creatures
  2 adders (D:2)
  2 giant cockroaches (D:1)
  4 goblins (D:1)
  2 hobgoblins (D:1)
  3 kobolds (D:1)
  4 bats (D:1)
  2 giant newts (D:1)
  2 rats (D:1)
21 creatures vanquished.

Notes
Turn   | Place    | Note
--------------------------------------------------------------
     0 | D:1      | jw, the Minotaur Berserker, began the quest for the Orb.
     0 | D:1      | Reached XP level 1. HP: 19/19 MP: 1/1
   163 | D:1      | Reached skill level 4 in Fighting
   280 | D:1      | Reached XP level 2. HP: 27/27 MP: 1/1
   638 | D:1      | Acquired Trog's second power
   638 | D:1      | Reached skill level 1 in Throwing
  1024 | D:2      | Reached skill level 1 in Maces & Flails
  1028 | D:2      | Reached XP level 3. HP: 4/33 MP: 2/2
  1038 | D:2      | HP: 1/33 [poisoned by an adder]
  1041 | D:2      | Succumbed to an adder's poison

Action                   || total
-------------------------++-------
Melee: Hand axe          ||    32
       Flail             ||    14
Throw: Stone             ||    20
Invok: Trog's Hand       ||     2
  Use: Scroll            ||     2
       Potion            ||     2
  Eat: Chunk             ||     1

Vault maps used:
D:1:      minmay_arrival_solitary_statue, serial_forest,
          infiniplex_forest_lined_ring, infiniplex_forest_lined_ring,
          infiniplex_forest_straight_4, infiniplex_forest_lined_room_,
          infiniplex_forest_clump_cross, infiniplex_forest_lined_2,
          infiniplex_forest_end_2
